 Zot Defence DCSS version 0.15.2 (webtiles) character file.

383 FishyPogo the Grave Robber (level 6, 0/0 (30) HPs)
             Began as a Vine Stalker Necromancer on July 25, 2019.
             Rotted away
             ... in the Realm of Zot (Scenario I: Hall of Zot).
             The game lasted 00:05:54 (525 turns).

FishyPogo the Grave Robber (VSNe)                    Turns: 525, Time: 00:05:54

HP   0/0 (30)    AC  2     Str 11      XL: 6   Next: 76%
MP  13/15        EV 12     Int 17      God:
Gold 0           SH  0     Dex 14      Spells:  3 memorised,  4 levels left

rFire  . . .     SeeInvis .       - Unarmed
rCold  . . .     Clarity  .     a - +0 robe
rNeg   . . .     rCorr    .     (no shield)
rPois  .         rRot     +     (no helmet)
rElec  .         Spirit   +     (no cloak)
SustAb .         Warding  .     (no gloves)
rMut   .         Stasis   .     (no boots)
Gourm  .                        (no amulet)
MR     .....                    (no ring)
                                (no ring)

@: not resistant to hostile enchantments, unstealthy
A: fangs 2, regeneration 2, magic shield, antimagic bite, no device heal 3, rot
immunity
a: Make oklob sapling, Make arrow trap, Make plant, Remove Curse, Make burning
bush, Make altar, Make grenades


You were in the Realm of Zot.
You were not hungry.

You visited 1 branch

Inventory:

Armour
 a - a +0 robe (worn)
Comestibles
 d - a bread ration
Scrolls
 i - a scroll of blinking
Potions
 c - 3 potions of curing
 f - a potion of haste
 g - 2 potions of magic
 h - a potion of berserk rage
Books
 b - a book of Necromancy

   Spells                             Type                      Level
   *Pain                              Necromancy                   1
   Animate Skeleton                   Necromancy                   1
   *Vampiric Draining                 Necromancy                   3
   Regeneration                       Charms/Necromancy            3
   *Animate Dead                      Necromancy                   4
   Control Undead                     Necromancy                   4


   Skills:
 + Level 1.3 Fighting
 + Level 2.0 Dodging
 - Level 2.4 Stealth
 + Level 2.1 Unarmed Combat
 + Level 3.5 Spellcasting
 + Level 6.3 Necromancy


You had 4 spell levels left.
You knew the following spells:

 Your Spells              Type           Power        Failure   Level  Hunger
a - Pain                  Necr           ###.         1%          1    None
b - Animate Dead          Necr           N/A          14%         4    ####...
c - Vampiric Draining     Necr           ###.......   4%          3    ###....


Dungeon Overview and Level Annotations

Branches:
    Zot (1/1)

Altars:


Innate Abilities, Weirdness & Mutations

You have extremely sharp teeth.
You heal very quickly.
When hurt, damage is shared between your health and your magic reserves.
Your bite disrupts and absorbs the magic of your enemies.
Potions and wands cannot restore your health.
You are immune to rotting.


Message History

Your kobold zombie barely misses the giant cockroach.
The giant cockroach barely misses something.
Something misses the giant cockroach.
A gnoll comes into view. It is wielding a whip.
The giant cockroach closely misses something.
The giant cockroach bites something.
A kobold comes into view. It is wielding a dagger.
Your flesh rots away as the Orb of Zot is desecrated.
Your flesh rots away as the Orb of Zot is desecrated. x2
Your flesh rots away as the Orb of Zot is desecrated. x2
Your flesh rots away as the Orb of Zot is desecrated. x2
Your flesh rots away as the Orb of Zot is desecrated.
You hit the kobold.
You kill the kobold!
Your flesh rots away as the Orb of Zot is desecrated.
You barely miss the giant cockroach.
Your flesh rots away as the Orb of Zot is desecrated. x2
The giant mite closely misses you.
Your flesh rots away as the Orb of Zot is desecrated.
You die...

▓▓▓▓▓▓▓▓▓ ▓▓▓▓▓▓▓ .....▓▓▓▓
▓▓▓▓... ........▓▓▓ ▓▓▓......
..........▓▓ ▓▓........
...........▓ ▓▓▓▓▓▓▓▓▓ ▓.........
...........▓▓▓.......▓▓▓.........
...........▓▓.........▓▓.........
...........▓...........▓.........
...............s@s...............
..........r▓...........▓.........
...........▓▓.........▓▓.........
.g.........▓▓▓.......▓▓▓.........
...........# ▓▓▓▓▓▓▓▓▓ #.........
..........## ##........
........### ###...... .....####
####... ########## ########


You could see a giant mite, a giant cockroach and a rat.

Vanquished Creatures
  A hungry ghost (Zot)
  4 oozes (Zot)
  2 ball pythons (Zot)
  3 goblins (Zot)
  3 bats (Zot)
  3 giant newts (Zot)
  3 kobolds (Zot)
  3 rats (Zot)
22 creatures vanquished.

Vanquished Creatures (collateral kills)
  An ooze (Zot)
  A hobgoblin (Zot)
  A ball python (Zot)
  2 bats (Zot)
  2 giant spores (Zot)
  A kobold (Zot)
8 creatures vanquished.

Vanquished Creatures (others)
  A bat zombie (Zot)
  A giant newt zombie (Zot)
  A goblin zombie (Zot)
  2 kobold zombies (Zot)
5 creatures vanquished.

Grand Total: 35 creatures vanquished

Notes
Turn   | Place    | Note
--------------------------------------------------------------
     0 | Zot      | FishyPogo, the Vine Stalker Necromancer, began the quest for the Orb.
     0 | Zot      | Reached XP level 1. HP: 9/9 MP: 3/3
   203 | Zot      | Reached XP level 2. HP: 8/13 MP: 1/5
   207 | Zot      | Noticed Wackiur
   307 | Zot      | Killed Wackiur the hungry ghost
   307 | Zot      | Reached skill level 1 in Fighting
   307 | Zot      | Reached skill level 1 in Unarmed Combat
   307 | Zot      | Reached skill level 6 in Necromancy
   307 | Zot      | Reached XP level 3. HP: 16/18 MP: 6/9
   307 | Zot      | Reached XP level 4. HP: 19/22 MP: 6/10
   307 | Zot      | Reached XP level 5. HP: 21/25 MP: 7/13
   307 | Zot      | Gained mutation: You heal very quickly. [vine stalker growth]
   307 | Zot      | Reached XP level 6. HP: 25/30 MP: 8/15
   416 | Zot      | Learned a level 4 spell: Animate Dead
   470 | Zot      | Learned a level 3 spell: Vampiric Draining
   525 | Zot      | Rotted away

Action                   |  1- 3 |  4- 6 || total
-------------------------+-------+-------++-------
Melee: Unarmed           |    96 |    62 ||   158
 Cast: Pain              |     8 |     7 ||    15
       Animate Dead      |       |     1 ||     1
 Abil: Make grenades     |       |     1 ||     1
